 Dungeon Crawl Stone Soup version 0.31-a0-7-g51783674b7 (webtiles) character file.

Game seed: 9319623257078397904

49 BlueFish the Trooper (level 3, -5/33 HPs)
             Began as a Draconian Fighter on May 5, 2023.
             Slain by a gnoll
             ... wielding a +0 halberd
              (6 damage)
             ... on level 2 of the Dungeon.
             The game lasted 00:01:40 (1232 turns).

BlueFish the Trooper (Draconian Fighter)            Turns: 1232, Time: 00:01:41

Health: -5/33      AC:  5    Str: 18    XL:     3   Next: 51%
Magic:  3/3        EV: 12    Int: 16    God:
Gold:   100        SH:  4    Dex: 10    Spells: 2/2 levels left

rFire   . . .        a - +0 rapier
rCold   . . .        b - +0 buckler
rNeg    . . .        (body armour unavailable)
rPois   .            (helmet restricted)
rElec   .            (no cloak)
rCorr   .            (no gloves)
SInv    .            (no boots)
Will    .....        (no amulet)
Stlth   +            m - +6 ring of intelligence
HPRegen 0.25/turn    (no ring)
MPRegen 0.08/turn

%: no passive effects
@: no status effects
A: AC +5, unfitting armour, cold-blooded
a: no special abilities


You were on level 2 of the Dungeon.
You visited 1 branch of the dungeon, and saw 2 of its levels.

You collected 152 gold pieces.
You spent 52 gold pieces at shops.

Inventory:

Hand Weapons
 a - a +0 rapier (weapon)
Armour
 b - a +0 buckler (worn)
Jewellery
 m - a +6 ring of intelligence (left hand)
Wands
 r - a wand of paralysis (6)
Scrolls
 d - a scroll of silence {unknown}
 e - 2 scrolls of vulnerability {unknown}
 f - 4 scrolls of identify {unknown}
 i - a scroll of enchant armour {unknown}
 j - a scroll of teleportation {unknown}
 k - 2 scrolls of magic mapping {unknown}
 p - a scroll of amnesia {unknown}
Potions
 c - a potion of might
 g - a potion of berserk rage {unknown}
 h - 2 potions of brilliance {unknown}
 l - 3 potions of curing {unknown}
 n - a potion of ambrosia {unknown}
 o - 2 potions of heal wounds {unknown}
 q - 2 potions of lignification {unknown}


   Skills:
 + Level 3.7 Fighting
 + Level 2.4 Short Blades
 + Level 3.0 Dodging
 + Level 1.2 Stealth
 + Level 3.3 Shields


You had 2 spell levels left.
You didn't know any spells.
Your spell library was empty.

Dungeon Overview and Level Annotations

Branches:
Dungeon (2/15)

Altars:

Shops:
D:2 *


Innate Abilities, Weirdness & Mutations

Your plain brown scales are hard. (AC +5)
You cannot fit into any form of body armour.
You are cold-blooded and may be slowed by cold attacks.


Message History

You are too injured to fight recklessly!
You are too injured to fight recklessly!
You are too injured to fight recklessly!
You are too injured to fight recklessly!
You are too injured to fight recklessly!
You are too injured to fight recklessly!
You are too injured to fight recklessly!
You are too injured to fight recklessly!
You are too injured to fight recklessly!
You are too injured to fight recklessly!
You are too injured to fight recklessly!
You are too injured to fight recklessly!
You are too injured to fight recklessly!
You are too injured to fight recklessly!
You block the jackal's attack.
You hit the jackal.
The jackal is heavily wounded.
The jackal bites you but does no damage.
The gnoll closely misses you.
You hit the jackal.
You kill the jackal!
The gnoll hits you but does no damage.
You barely miss the jackal. You block the jackal's attack.
The gnoll hits you from afar with a +0 halberd!
The jackal closely misses you.
You hit the jackal.
The jackal is lightly wounded.
The jackal barely misses you.
The gnoll hits you from afar with a +0 halberd.
The jackal bites you but does no damage.
You hit the jackal.
The jackal is severely wounded.
The gnoll hits you from afar with a +0 halberd!
* * * LOW HITPOINT WARNING * * *
The jackal closely misses you. You block the gnoll's attack.
You closely miss the jackal.
The jackal is severely wounded.
The jackal bites you but does no damage. x2
The gnoll hits you from afar with a +0 halberd.
You die...

#############.# #.#...#
#...........[.###.#...# #######
#.......).....##....### ......#
#....)........##....# ......#
#...................# ......#
#.#####......##...†.#
.....>####.# #......##.....####
...........#+#+#P................
......####.#...h@.....##.....####
...........#..g#P.....##.#.......
......####.#...#......##.#.######
####### #..#####..######.#.#
#########.## #.#.# #.#.######
..........# ##.#.# #.#.......
##...#########..#.# #.#..#####
##..........#†##.# #.#..#
###.[.##........# #.#..#


You could see a gnoll and a jackal.

Vanquished Creatures
  A gnoll (D:1)
  A ball python (D:1)
  4 endoplasms
  3 giant cockroaches
  6 goblins
  5 hobgoblins
  A jackal (D:2)
  3 quokkas (D:2)
  4 bats
  A frilled lizard (D:2)
  3 kobolds
  3 rats
35 creatures vanquished.

Notes
Turn   | Place    | Note
-------+----------+-------------------------------------------
     0 | D:1      | BlueFish the Draconian Fighter began the quest for the Orb.
     0 | D:1      | Reached XP level 1. HP: 19/19 MP: 1/1
    89 | D:1      | Reached XP level 2. HP: 23/26 MP: 2/2
   506 | D:1      | Reached skill level 1 in Stealth
   506 | D:1      | Reached XP level 3. HP: 31/31 MP: 3/3
   889 | D:2      | Found Vyukk's Assorted Antiques.
   899 | D:2      | Bought a scroll labelled YHISE URHEBOARR for 26 gold pieces
   899 | D:2      | Bought a scroll labelled IDGHUI BIRASMU for 26 gold pieces
  1231 | D:2      | HP: 1/33 [gnoll/+0 halberd (9)]
  1232 | D:2      | Slain by a gnoll

Illustrated notes

Levels and vault maps discovered:
D:1:      nicolae_arrival_washed_ashore, layout_basic
D:2:      layout_basic, serial_shops, shop, cheibrodos_gnoll_hut

Skill      XL: |  1  2 |
---------------+-------+-----
Dodging        | 3 |  3.0
Stealth        | 1 |  1.2
Fighting       | |  3.7
Short Blades   | |  2.4
Shields        | |  3.3

Action                     || total
---------------------------++-------
  Melee: Rapier            ||   121
         Tailslap          ||     9
   Stab: Sleeping          ||     3
 Armour: Skin              ||    35
  Dodge: Dodged            ||    62
  Block: Buckler           ||    28

Table legend: (Time is in decaauts)
 A = Elapsed time spent in this place.
 B = Non-inter-level travel time spent in this place.
 C = Inter-level travel time spent in this place.
 D = Time resting spent in this place.
 E = Time spent auto-exploring this place.
 F = Levels seen in this place.
 G = Mean time per level.
                   A        B        C        D        E       F      G
               +--------+--------+--------+--------+--------+-----+--------+
         Total |   1248 |   1210 |     38 |      0 |    946 |   2 |  624.0 |
       Dungeon |   1248 |   1210 |     38 |      0 |    946 |   2 |  624.0 |
               +--------+--------+--------+--------+--------+-----+--------+

Top non-repeatable levels by time:
     D:1: 825 daAuts
     D:2: 423 daAuts
